Unix NetHack Version 5.0.0-0 post-release - last build Jun 10 2026 00:39:30 (3ee93aec679c4c4259841fe613dc97188e26a321,branch:main).

Game began 2026-06-14 23:41:56, ended 2026-06-15 19:17:21.

Ch3Begorrah, chaotic male human Rogue

  ----------------------------------------------------
  |.....................|(............`....^......[...          $    $
  |.----------|--.---...|---------------------------..             $
  |.|-----   |)|    |...|..........................|..|   $ $       $
  |.||...| ---`|   --...|...........))<.)..........|..|             ###..
  |.||...--|.....|..Qa|.|..........................|..|.            #$ ..
  |.||.....|-|-..|..M@|...........................*|..|..############$  #
  |.|----..|..|..---i.------------------------------..|-.
  |.|   |..|..|... |................................[.|...
  |.|   |..|(.|-----..------------------------------..|....
  |.-----..---|.......|                  -----     |..|.....
  |........(%.|----.--                   ..[.|     |..|.......    $
  ------------|...|.|                    -)|.-------%%|.....|..
  -------------.{.|.|---------------------.|....[)..).|.... |....       $
  |.).).).........|.|......................|-------------..-----...
  |.---------------.|---------------------.|.......................*.
  |).).*........%%..|                    |.....................|.....
  -------------------                    ---------------------
Ch3Begorrah the Rogue   St:18 Dx:18 Co:13 In:11 Wi:13 Ch:9  Chaotic
Dlvl:11 $:81 HP:0(61) Pw:40(40) AC:-2 Xp:9 T:6842  Burdened

Latest messages:
 What do you want to write in the dust here? Elbereth
 What do you want to use or apply? [c-egnprsuzBGPVW or ?*] o
 Sorry, I don't know how to use that.
 What do you want to use or apply? [c-egnprsuzBGPVW or ?*] p
 In what direction? l
 You set the figurine beside you and it transforms.
 The figurine writhes and then shatters into pieces!
 It yowls!
 You hit it.
 Wait!  There's something there you can't see!
 There's some graffiti on the floor here.
 You read: "Elbereth".
 Really step into that spiked pit? [yn] (n) y
 You escape a spiked pit.
 It picks up a hooded cloak.
 Wait!  There's something there you can't see!
 Wait!  There's something there you can't see!
 It yowls!
 You hit it.
 You see here a hooded cloak.
 You feel an unseen monster!
 Wait!  There's something there you can't see!
 The homunculus bites!
 The human mummy strikes at your displaced image and misses you!
 The homunculus misses!
 The human mummy hits!
 The human mummy hits again!
 The homunculus bites!
 You are put to sleep by the homunculus!
 The human mummy hits!
 The human mummy hits again!
 The homunculus bites!
 The human mummy hits!
 The human mummy misses!
 The homunculus bites!
 The human mummy hits!
 The human mummy hits again!
 The homunculus bites!
 The human mummy hits!
 The human mummy hits again!
 The giant beetle bites!
 The homunculus misses!
 The human mummy hits!
 The human mummy misses!
 The homunculus bites!
 The human mummy hits!
 The human mummy hits again!
 The giant beetle bites!
 You die...
 Do you want your possessions identified? [ynq] (y) q

Inventory:
 Coins    ('$')
  $ - 81 gold pieces
 Weapons  (')')
  y - 12 +0 daggers (wielded)
  X - a +0 elven dagger
  o - a blessed corroded +1 long sword (alternate weapon; not wielded)
 Armor    ('[')
  t - an uncursed +0 dwarvish iron helm (being worn)
  a - a cursed thoroughly rusty -1 pair of iron shoes (being worn)
  K - an uncursed +0 elven shield (being worn)
  L - an uncursed +1 cloak of displacement (being worn)
  x - an uncursed +0 cloak of invisibility
  D - an uncursed +2 elven mithril-coat (being worn)
 Comestibles  ('%')
  w - an uncursed slime mold
  b - 2 uncursed food rations
  Z - an uncursed lizard corpse
 Rings    ('=')
  E - a cursed ring of polymorph
 Wands    ('/')
  s - a wand of locking (0:4)
  z - a wand of secret door detection (0:12)
  u - a wand of sleep (0:4)
  r - a cursed wand of slow monster (0:4)
 Tools    ('(')
  P - an uncursed bag of holding containing 34 items
  d - an empty uncursed sack
  n - a fire horn (0:1)
  e - an uncursed lock pick named B_-E
  B - a magic marker (0:29)
  W - an uncursed magic whistle
  G - an uncursed pair of lenses
  c - a +0 pick-axe
  g - an uncursed towel
 Gems/Stones  ('*')
  U - an uncursed worthless piece of violet glass
  V - an uncursed luckstone

Contents of the bag of holding:
  371 gold pieces
  4 blessed +1 daggers
  a cursed +2 bullwhip
  an uncursed +0 pair of elven boots
  an uncursed potion of hallucination
  an uncursed potion of blindness
  a blessed potion of booze
  5 uncursed potions of booze
  a cursed potion of booze
  a cursed potion of restore ability
  an uncursed potion of invisibility
  a blessed potion of object detection
  an uncursed potion of sickness
  a cursed ring of sustain ability named cursed
  an empty uncursed sack
  an empty cursed sack
  a magic harp (0:4)
  an uncursed jet stone
  4 uncursed worthless pieces of black glass
  an uncursed fluorite stone
  4 uncursed worthless pieces of blue glass
  4 uncursed emeralds
  an uncursed worthless piece of green glass
  2 uncursed worthless pieces of orange glass
  2 uncursed rubies
  7 uncursed worthless pieces of red glass
  4 uncursed amethyst stones
  an uncursed opal
  3 uncursed diamonds
  4 uncursed worthless pieces of yellow glass
  6 uncursed worthless pieces of yellowish brown glass
  6 uncursed worthless pieces of violet glass
  2 cursed worthless pieces of violet glass
  2 uncursed touchstones

Ch3Begorrah the Rogue's attributes:

Background:
 You were a Rogue, level 9 male human.
 You were chaotic, nominally on a mission for Kos
 who was opposed by Issek (lawful) and Mog (neutral).
 You were left-handed.
 You were in the Gnomish Mines, on level 11.
 You entered the dungeon 6842 turns ago.
 There was a new moon in effect when your adventure ended.
 You had 2674 experience points, 2446 more were needed to attain level 10.

Basics:
 You had 0 out of 61 hit points.
 You had all 40 energy points (spell power).
 Your armor class was -2.
 Your wallet contained 81 zorkmids, and
 you had 371 more stashed away in your pack.
 Autopickup was on for '$!/(' plus thrown, with exceptions.

Final Characteristics:
 Your strength was 18 (limit:18/100).
 Your dexterity was 18 (limit:18).
 Your constitution was 13 (limit:18).
 Your intelligence was 11 (limit:18).
 Your wisdom was 13 (limit:18).
 Your charisma was 9 (limit:18).

Final Status:
 You weren't hungry.
 You were burdened; movement was slightly slowed.
 You were wielding daggers.
 You were skilled in dagger.

Final Attributes:
 You were piously aligned.
 You were displaced.
 You were stealthy.
 You were guarded.
 You were lucky.
 You had extra luck.
 Bad luck did not time out for you.
 Good luck did not time out for you.
 You are dead.

Miscellaneous:
 You encountered 1 bones level.
 Total elapsed playing time was 1 hour, 23 minutes and 29 seconds.

Major events:
 Turn
    1: Ch3Begorrah the chaotic male human Rogue entered the dungeon
  728: entered the Gnomish Mines
  976: attained the rank of Cutpurse (level 3)
 1960: attained the rank of Rogue (level 6)
 2426: reached Mine Town
 6481: acquired the Mines' End luckstone
 6842: killed by a giant beetle, while sleeping

You didn't know any spells.

Skills:
 Fighting Skills
   bare handed combat [Unskilled]
   two weapon combat  [Unskilled]
   riding             [Unskilled]
 Weapon Skills
   dagger             [Skilled]
   knife              [Unskilled]
   short sword        [Basic]
   broadsword         [Unskilled]
   long sword         [Basic]
   two-handed sword   [Unskilled]
   saber              [Unskilled]
   club               [Unskilled]
   mace               [Unskilled]
   morning star       [Unskilled]
   flail              [Unskilled]
   hammer             [Unskilled]
   polearms           [Unskilled]
   spear              [Unskilled]
   crossbow           [Unskilled]
   dart               [Unskilled]
   shuriken           [Unskilled]
 Spellcasting Skills
   divination spells  [Unskilled]
   escape spells      [Unskilled]
   matter spells      [Unskilled]

Voluntary challenges:
 Character rerolling was not enabled.
 You followed a strict vegan diet.
 You were an atheist.
 You never genocided any monsters.
 You never polymorphed an object.
 You never changed form.
 You used no wishes.
Achievements:
 You entered the Gnomish Mines.
 You attained the rank of Cutpurse.
 You entered a shop.
 You attained the rank of Rogue.
 You entered Minetown.
 You entered a temple.
 You completed the Gnomish Mines.

 The Dungeons of Doom: levels 1 to 5
    Level 1:
    Level 2:
       A fountain.
    Level 3:
       Stairs down to The Gnomish Mines.
    Level 4: "3sb chest"
       A weapon shop.
    Level 5:
       A throne.
 The Gnomish Mines: levels 4 to 11
    Level 4:
       A grave.
       Final resting place for
          poiuztrewq-Arc-Hum-Fem-Neu, killed by a dwarf.
    Level 5:
    Level 6:
    Level 7:
       Some shops, a temple and an altar to Kos, some fountains, a sink.
    Level 8:
    Level 9:
    Level 10:
    Level 11: <- You were here.
       A fountain.
       Final resting place for
          you, killed by a giant beetle, while sleeping.


Vanquished creatures:
  a stalker
  a warg
  a small mimic
  a freezing sphere
  a human mummy
  a Grey-elf
  a chameleon
  a cockatrice
  a wolf
 an orc-captain
  3 gnome rulers
  a rust monster
  2 owlbears
  a yeti
  a gold golem
  a Green-elf
  a lizard
  a chickatrice
  a dwarf leader
  a plains centaur
  a bugbear
  a wood nymph
  a water nymph
  2 ponies
  a shrieker
  a violet fungus
 17 gnome leaders
  5 gnomish wizards
  a straw golem
  7 giant ants
  2 floating eyes
  a kitten
 15 dwarves
  a homunculus
  a kobold leader
  5 hill orcs
  5 rothes
  a rabid rat
  5 monkeys
 an orc zombie
  3 iguanas
 10 killer bees
  2 acid blobs
  2 coyotes
  2 gas spores
  2 hobbits
  3 cave spiders
  a brown mold
  a yellow mold
 61 gnomes
  a gnome zombie
  a gecko
  8 jackals
  a fox
  3 kobolds
  4 grid bugs
  a bat
  4 lichens
  8 newts
215 creatures vanquished.

No species were genocided or became extinct.

Game over:
                       ----------
                      /          \
                     /    REST    \
                    /      IN      \
                   /     PEACE      \
                  /                  \
                  |   Ch3Begorrah    |
                  |      452 Au      |
                  |   killed by a    |
                  |   giant beetle   |
                  |                  |
                  |                  |
                  |       2026       |
                 *|     *  *  *      | *
        _________)/\\_//(\/(/\)/\//\/|_)_______

Goodbye Ch3Begorrah the Rogue...

You died in The Gnomish Mines on dungeon level 11 with 11753 points,
and 452 pieces of gold, after 6842 moves.
You were level 9 with a maximum of 61 hit points when you died.

